 Dungeon Crawl Stone Soup version 0.30-a0-845-g7c6808c8ce (webtiles) character file.

Game seed: 962717126456880449

118 bande the Trooper (level 5, 0/33 HPs)
             Began as a Gargoyle Fighter on Mar 2, 2023.
             Slain by a quokka (1 damage)
             ... on level 2 of the Dungeon.
             The game lasted 00:02:06 (1192 turns).

bande the Trooper (Gargoyle Fighter)                Turns: 1192, Time: 00:02:06

Health: 0/33       AC: 13    Str: 20    XL:     5   Next: 2%
Magic:  5/5        EV:  9    Int:  8    God:
Gold:   161        SH:  4    Dex: 11    Spells: 4/4 levels left

rFire   . . .      SeeInvis .    a - +0 trident
rCold   . . .      Faith    .    c - +0 buckler
rNeg    + . .      Spirit   .    b - +0 scale mail
rPois   ∞          Reflect  .    (no helmet)
rElec   +          Rampage  .    f - +0 cloak
rCorr   .                        l - +0 pair of gloves
Will    .....                    (no boots) Stlth
                                 (no amulet)
HPRegen 0.25/turn                (no ring)
MPRegen 0.09/turn                (no ring)

@: no status effects
A: sickness immunity, AC +4, negative energy resistance 1, electricity
resistance, torment resistance 1, petrification resistance
a: no special abilities


You were on level 2 of the Dungeon.
You visited 1 branch of the dungeon, and saw 2 of its levels.

You collected 161 gold pieces.

Inventory:

Hand Weapons
 a - a +0 trident (weapon)
 j - a +0 flail
Armour
 b - a +0 scale mail (worn)
 c - a +0 buckler (worn)
 f - a +0 cloak (worn)
 l - a +0 pair of gloves (worn)
Wands
 n - a wand of flame (7)
Scrolls
 e - a scroll of summoning {unknown}
 g - a scroll of torment {unknown}
 i - 2 scrolls of enchant weapon {unknown}
 k - 3 scrolls of fear {unknown}
 m - 3 scrolls of identify {unknown}
 o - a scroll of blinking {unknown}
Potions
 d - a potion of might
 h - a potion of magic {unknown}
 p - a potion of degeneration {unknown}


   Skills:
 + Level 4.0 Fighting
 + Level 3.3 Polearms
 + Level 3.8 Armour
 + Level 3.9 Shields


You had 4 spell levels left.
You didn't know any spells.
Your spell library contained the following spells:

 Spells                   Type           Power      Damage    Failure   Level
 Inner Flame              Hex/Fire       0%         N/A       99%         3
 Flame Wave               Conj/Fire      0%         2d4       100%        4
 Sticky Flame             Conj/Fire      0%         2d3       100%        4


Dungeon Overview and Level Annotations

Branches:
Dungeon (2/15)

Altars:
Kikubaaqudgha

Annotations:
D:2 Robin


Innate Abilities, Weirdness & Mutations

You are immune to sickness and miasma.
Your stone body is resilient. (AC +4)
You are immune to poison.
You resist negative energy. (rN+)
You are resistant to electric shocks. (rElec)
You are resistant to unholy torment.
You are immune to petrification.


Message History

You kill the goblin!
The quokka bites you.
* * * LOW HITPOINT WARNING * * *
Robin's bangles clink loudly.
Robin throws the goblin at you! The goblin barely misses you.
The goblin hits you but does no damage.
The quokka bites you but does no damage.
Unknown command.
You hit the goblin but do no damage. Robin hits you but does no damage.
The goblin hits you but does no damage. x2; The goblin misses you.
The hobgoblin barely misses you.
The quokka bites you but does no damage.
You puncture the goblin!
You kill the goblin!
You block Robin's attack.
The hobgoblin hits you but does no damage.
The goblin hits you with a +0 dagger.
* * * LOW HITPOINT WARNING * * *
The goblin hits you but does no damage.
The quokka bites you but does no damage.
Unknown command.
You closely miss the goblin.
The hobgoblin no longer looks unusually strong.
The goblin no longer looks unusually strong. x2
The quokka bites you but does no damage.
Robin completely misses you. The hobgoblin closely misses you.
You block the goblin's attack. x2; The goblin closely misses you.
The quokka barely misses you.
Robin roars a battlecry!
The goblins go into a battle-frenzy!
The goblin hits you but does no damage. x2
The goblin hits you with a +0 dagger.
* * * LOW HITPOINT WARNING * * *
The hobgoblin hits you.
* * * LOW HITPOINT WARNING * * *
Unknown command.
You hit the goblin.
You kill the goblin!
The quokka bites you.
You die...

..#.##....#.##..#...
#.##....#<##..###. #
..##....#.##..###. #.
.#.##..............
#.#.#.###...#.##..###.
.....# #.........# #.
#.###g#.###.........#
#.
#.....g)g...#.#.##..#
#.
##.#@###.###.....###.
#rg...............
#.###.######..###.
>..# #.# #..# #. #.#.#
#.# ##.# #. ...#.# #.#
### #. ... ... ..# #.
### #.# ### ## #.


You could see Robin, a quokka, a hobgoblin (strong) and 2 goblins.

Vanquished Creatures
  Terence (D:2)
  4 adders (D:2)
  4 dart slugs
  2 endoplasms
  2 giant cockroaches (D:2)
  11 goblins
  6 hobgoblins
  3 jackals (D:1)
  3 quokkas
  A ball python (D:1)
  2 bats (D:1)
  4 frilled lizards
  5 kobolds
  4 rats
52 creatures vanquished.

Notes
Turn   | Place    | Note
-------+----------+-------------------------------------------
     0 | D:1      | bande the Gargoyle Fighter began the quest for the Orb.
     0 | D:1      | Reached XP level 1. HP: 14/14 MP: 1/1
    64 | D:1      | Reached XP level 2. HP: 14/19 MP: 2/2
   174 | D:1      | Reached XP level 3. HP: 19/23 MP: 3/3
   725 | D:2      | Reached XP level 4. HP: 28/29 MP: 4/4
   763 | D:2      | Noticed Terence
   769 | D:2      | Killed Terence
   770 | D:2      | Reached skill level 4 in Fighting
  1070 | D:2      | Found an ancient bone altar of Kikubaaqudgha.
  1173 | D:2      | Noticed Robin
  1188 | D:2      | Reached XP level 5. HP: 12/33 MP: 5/5
  1191 | D:2      | HP: 1/33 [hobgoblin[Robin] (1)]
  1192 | D:2      | Slain by a quokka

Illustrated notes

Levels and vault maps discovered:
D:1:      grunt_arrival_lava_bath, layout_rooms, minmay_tall_x
D:2:      layout_basic, basic_altar, uniq_terence, uniq_robin

Skill      XL: |  1  2  3  4 |
---------------+-------------+-----
Polearms       | 2 3 |  3.3
Fighting       | 4 |  4.0
Armour         | |  3.8
Shields        | |  3.9

Action                     |  1- 3 |  4- 6 || total
---------------------------+-------+-------++-------
  Melee: Trident           |   117 |    58 ||   175
 Armour: Scale mail        |    86 |    62 ||   148
  Dodge: Dodged            |    74 |    52 ||   126
  Block: Buckler           |    32 |     9 ||    41

Table legend: (Time is in decaauts)
 A = Elapsed time spent in this place.
 B = Non-inter-level travel time spent in this place.
 C = Inter-level travel time spent in this place.
 D = Time resting spent in this place.
 E = Time spent auto-exploring this place.
 F = Levels seen in this place.
 G = Mean time per level.
                   A        B        C        D        E       F      G
               +--------+--------+--------+--------+--------+-----+--------+
         Total |   1231 |   1200 |     31 |      0 |    836 |   2 |  615.5 |
       Dungeon |   1231 |   1200 |     31 |      0 |    836 |   2 |  615.5 |
               +--------+--------+--------+--------+--------+-----+--------+

Top non-repeatable levels by time:
     D:2: 650 daAuts
     D:1: 581 daAuts
